 Dungeon Crawl Stone Soup version 0.21.1-1-g345015f (webtiles) character file.

2781 rlgrobin the Blocker (level 9, -3/74 HPs)
             Began as a Gnoll Fighter on Feb 6, 2018.
             Was a Follower of Makhleb.
             Slain by a killer bee (6 damage)
             ... on level 7 of the Dungeon.
             The game lasted 00:24:17 (7167 turns).

rlgrobin the Blocker (Gnoll Fighter)                Turns: 7167, Time: 00:24:19

Health: -3/74      AC:  6    Str: 20    XL:     9   Next: 70%
Magic:  15/15      EV: 14    Int: 13    God:    Makhleb [*.....]
Gold:   253        SH:  0    Dex: 16    Spells: 16/16 levels left

rFire    . . .     SeeInvis .   z - +1 bardiche (distort)
rCold    + . .     Gourm    .   (shield currently unavailable)
rNeg     . . .     Faith    .   t - +2 leather armour {rC+}
rPois    .         Spirit   .   (no helmet)
rElec    .         Reflect  .   (no cloak)
rCorr    .         Harm     .   (no gloves)
MR       .....                  (no boots)
Stlth    +++.......             w - amulet of rage
HPRegen  0.22/turn              (no ring)
MPRegen  0.14/turn              q - +2 ring of intelligence

@: lethally poisoned (-3 -> -13), berserk cooldown, slowed, very slow
A: distributed training, fangs 1, strong nose
a: Renounce Religion, Evoke Berserk Rage


You were on level 7 of the Dungeon.
You worshipped Makhleb.
Makhleb was aware of your devotion.
You were near starving.

You visited 2 branches of the dungeon, and saw 8 of its levels.

You collected 253 gold pieces.


Innate Abilities, Weirdness & Mutations

Your experience applies equally to all skills.
You have very sharp teeth.
Your uncanny sense of smell can sniff out nearby items.


   Skills:
 + Level 8.0 Fighting
 + Level 4.4 Short Blades
 + Level 4.4 Long Blades
 + Level 6.4 Axes
 + Level 4.4 Maces & Flails
 + Level 4.4 Polearms
 + Level 4.4 Staves
 + Level 4.4 Slings
 + Level 4.4 Bows
 + Level 4.4 Crossbows
 + Level 4.4 Throwing
 + Level 8.0 Armour
 + Level 4.4 Dodging
 + Level 4.4 Stealth
 + Level 8.0 Shields
 + Level 4.4 Unarmed Combat
 + Level 4.4 Spellcasting
 + Level 3.6 Conjurations
 + Level 3.6 Hexes
 + Level 3.6 Charms
 + Level 3.6 Summonings
 + Level 3.6 Necromancy
 + Level 3.6 Translocations
 + Level 3.6 Transmutations
 + Level 3.6 Fire Magic
 + Level 3.6 Ice Magic
 + Level 3.6 Air Magic
 + Level 3.6 Earth Magic
 + Level 3.6 Poison Magic
 + Level 4.9 Invocations
 + Level 4.4 Evocations


You had 16 spell levels left.
You didn't know any spells.

Inventory:

Hand Weapons
 z - a +1 bardiche of distortion (weapon)
Missiles
 u - 213 stones (quivered)
Armour
 b - a +1 scale mail
 t - a +2 leather armour of cold resistance (worn)
Jewellery
 j - an uncursed amulet of magic regeneration
 q - a +2 ring of intelligence (right hand)
 s - an uncursed amulet of regeneration
 w - an amulet of rage (around neck)
Scrolls
 a - a scroll of blinking
 c - 6 scrolls of remove curse
 i - a scroll of immolation {!r}
 n - a scroll of amnesia
 p - 2 scrolls of enchant armour
 r - a scroll of teleportation {@r4}
 x - a scroll of enchant weapon
 y - a scroll of fear
 B - a scroll of identify {@r1}
Potions
 d - 2 potions of might
 e - 5 potions of curing {@q1}
 g - a potion of haste {unknown}
 h - 3 potions of brilliance
 l - 2 potions of degeneration {!q}
 m - a potion of agility {unknown}
 o - 2 potions of flight
 v - a potion of mutation {unknown}
 A - a potion of lignification {unknown}
Comestibles
 f - 17 rations
 C - 7 chunks of flesh

Dungeon Overview and Level Annotations

Branches:
Dungeon (7/15)             Temple (1/1) D:4

Altars:
Ashenzari
Dithmenos
Elyvilon
Fedhas
Gozag
Hepliaklqana
Kikubaaqudgha
Makhleb
Nemelex Xobeh
Qazlal
Ru
Sif Muna
Trog
Uskayaw
Vehumet
Wu Jian
Xom
Yredelemnul
Zin
The Shining One

Shops:
D:4 %

Annotations:
Abyss:1 Edmund

..▒▒.▒▒▒ ▒.▒ ▒▒▒▒.▒▒▒▒ ▒.▒
▒.......▒ ▒.▒ .....^..▒ ▒.▒
▒.......▒▒▒.▒ ............▒
▒.......▒▒▒▒▒ ▒.......▒
▒▒▒▒▒▒▒▒▒▒▒ ........▒ ▒.Zgyy((.((
▒▒▒▒.▒▒▒▒ ▒▒▒▒.▒▒▒▒▒▒▒▒▒ ▒▒.▒▒
▒......▒ ▒...▒ ▒.▒▒.▒.▒▒ ▒...▒
▒.▒▒....▒
▒...▒▒▒▒▒.▒▒....▒▒▒▒▒▒▒▒▒▒▒▒▒▒▒
▒.........▒▒▒.................▒
▒▒▒...▒▒.▒▒.....................▒
.................▒.▒.>......._...


You could see 2 killer bees and a hound skeleton.


Message History

The killer bee stings you! * * * don't die
* * * You are lethally poisoned!!!
The killer bee poisons you!!! The hound skeleton misses you!
The killer bee barely misses you!
You take 4 damage, and have 7/74 hp!
You feel much better!
You feel sick!
The killer bee stings you! * * * don't die
* * * The hound skeleton closely misses you!
The killer bee misses you! The hound skeleton closely misses you!
The killer bee stings you! * * * don't die
* * * You are more poisoned!
The killer bee poisons you!!!
You regained 9 hp, and now have 16/74 hp!
Unknown command!
You chop the killer bee into pieces!!!
Space warps horribly around the killer bee!!!
You annihilate the killer bee!!!
Makhleb roars: ANNIHILATED! * * * don't die
* * * You feel very sick!
The killer bee stings you! * * * don't die
* * * The hound skeleton barely misses you!
The killer bee barely misses you!
The hound skeleton bites you! * * * don't die
* * * The killer bee stings you! * * * don't die
* * * The hound skeleton closely misses you!
The killer bee stings you! rip

Action                   |  1- 3 |  4- 6 |  7- 9 || total
-------------------------+-------+-------+-------++-------
Melee: War axe           |    87 |   123 |    22 ||   232
       Bite              |     4 |     9 |    27 ||    40
       Bardiche          |       |       |   256 ||   256
 Fire: Hunting sling     |       |     3 |       ||     3
Throw: Stone             |       |    27 |    36 ||    63
 Abil: Evoke Berserk Rag |       |       |     3 ||     3
  Use: Potion            |       |     1 |     6 ||     7
       Scroll            |       |     6 |    11 ||    17
 Stab: Sleeping          |       |       |     4 ||     4
  Eat: Chunk             |       |     5 |    14 ||    19
       Ration            |       |     1 |       ||     1
Armor: Scale mail        |    34 |    48 |   130 ||   212
       Leather armour    |       |       |     9 ||     9
Dodge: Dodged            |    27 |    45 |   208 ||   280
Block: Shield            |    62 |    74 |     8 ||   144

Vault maps used:
D:1:      evilmike_arrival_fibonacci_small
D:2:      vehumet_crystals, old_standard_altar, first_ration,
          grunt_ministairs_11, supply_closet_lemuel
D:3:      nicolae_overflow_hidden_temple, lemuel_crystal_altar,
          evilmike_ruin_ashenzari
D:4:      minmay_temple_entry_statues_fountains, serial_shops,
          kennysheep_little_box, gup_sewer_entry_spiral
D:5:      chequers_temple_overflow_minitemple
D:6:      old_standard_altar, uniq_edmund
D:7:      kennysheep_mini_moat, basic_altar, grunt_gozag_statues, uniq_joseph
Temple:   jpeg_temple_alley_garden

Notes
Turn   | Place    | Note
-------+----------+-------------------------------------------
     0 | D:1      | rlgrobin the Gnoll Fighter began the quest for the Orb.
     0 | D:1      | Reached XP level 1. HP: 23/23 MP: 1/1
   154 | D:1      | Reached XP level 2. HP: 29/29 MP: 2/2
   459 | D:1      | Reached XP level 3. HP: 35/35 MP: 3/3
   622 | D:2      | Reached skill level 1 in Invocations
   692 | D:2      | Found a radiant altar of Vehumet.
   701 | D:2      | Reached skill level 1 in Short Blades
   701 | D:2      | Reached skill level 1 in Long Blades
   701 | D:2      | Reached skill level 1 in Maces & Flails
   701 | D:2      | Reached skill level 1 in Polearms
   701 | D:2      | Reached skill level 1 in Staves
   701 | D:2      | Reached skill level 1 in Slings
   701 | D:2      | Reached skill level 1 in Bows
   701 | D:2      | Reached skill level 1 in Crossbows
   701 | D:2      | Reached skill level 1 in Throwing
   701 | D:2      | Reached skill level 1 in Dodging
   701 | D:2      | Reached skill level 1 in Stealth
   701 | D:2      | Reached skill level 1 in Unarmed Combat
   701 | D:2      | Reached skill level 1 in Spellcasting
   701 | D:2      | Reached skill level 1 in Evocations
   701 | D:2      | Reached XP level 4. HP: 32/41 MP: 5/5
  1037 | D:2      | Found a white marble altar of Elyvilon.
  1051 | D:2      | Reached skill level 1 in Conjurations
  1051 | D:2      | Reached skill level 1 in Hexes
  1051 | D:2      | Reached skill level 1 in Charms
  1051 | D:2      | Reached skill level 1 in Summonings
  1051 | D:2      | Reached skill level 1 in Necromancy
  1051 | D:2      | Reached skill level 1 in Translocations
  1051 | D:2      | Reached skill level 1 in Transmutations
  1051 | D:2      | Reached skill level 1 in Fire Magic
  1051 | D:2      | Reached skill level 1 in Ice Magic
  1051 | D:2      | Reached skill level 1 in Air Magic
  1051 | D:2      | Reached skill level 1 in Earth Magic
  1051 | D:2      | Reached skill level 1 in Poison Magic
  1520 | D:2      | Reached XP level 5. HP: 45/47 MP: 6/6
  1800 | D:3      | Found an opulent altar of Gozag.
  1931 | D:3      | Found a shattered altar of Ashenzari.
  2544 | D:3      | Found a hazy altar of Hepliaklqana.
  2616 | D:4      | Reached skill level 2 in Invocations
  2616 | D:4      | Reached XP level 6. HP: 35/53 MP: 8/8
  3023 | D:4      | Reached skill level 2 in Short Blades
  3023 | D:4      | Reached skill level 2 in Long Blades
  3023 | D:4      | Reached skill level 5 in Axes
  3023 | D:4      | Reached skill level 2 in Maces & Flails
  3023 | D:4      | Reached skill level 2 in Polearms
  3023 | D:4      | Reached skill level 2 in Staves
  3023 | D:4      | Reached skill level 2 in Slings
  3023 | D:4      | Reached skill level 2 in Bows
  3023 | D:4      | Reached skill level 2 in Crossbows
  3023 | D:4      | Reached skill level 2 in Throwing
  3023 | D:4      | Reached skill level 2 in Dodging
  3023 | D:4      | Reached skill level 2 in Stealth
  3023 | D:4      | Reached skill level 2 in Unarmed Combat
  3023 | D:4      | Reached skill level 2 in Spellcasting
  3023 | D:4      | Reached skill level 2 in Evocations
  3077 | D:4      | Found Moxaepn's Food Boutique.
  3169 | D:4      | Reached XP level 7. HP: 59/59 MP: 10/10
  3210 | D:4      | Reached skill level 7 in Fighting
  3210 | D:4      | Reached skill level 7 in Armour
  3210 | D:4      | Reached skill level 7 in Shields
  3273 | D:4      | Found a staircase to the Ecumenical Temple.
  3358 | Temple   | Entered the Ecumenical Temple
  4058 | D:5      | Entered Level 5 of the Dungeon
  4061 | D:5      | Reached skill level 2 in Conjurations
  4061 | D:5      | Reached skill level 2 in Hexes
  4061 | D:5      | Reached skill level 2 in Charms
  4061 | D:5      | Reached skill level 2 in Summonings
  4061 | D:5      | Reached skill level 2 in Necromancy
  4061 | D:5      | Reached skill level 2 in Translocations
  4061 | D:5      | Reached skill level 2 in Transmutations
  4061 | D:5      | Reached skill level 2 in Fire Magic
  4061 | D:5      | Reached skill level 2 in Ice Magic
  4061 | D:5      | Reached skill level 2 in Air Magic
  4061 | D:5      | Reached skill level 2 in Earth Magic
  4061 | D:5      | Reached skill level 2 in Poison Magic
  4244 | D:5      | Reached skill level 3 in Invocations
  4287 | D:5      | Reached XP level 8. HP: 60/67 MP: 12/12
  4624 | D:5      | Found a burning altar of Makhleb.
  4624 | D:5      | Found a hide-covered altar of Uskayaw.
  4629 | D:5      | Found an ancient bone altar of Kikubaaqudgha.
  4632 | D:5      | Found a bloodstained altar of Trog.
  4634 | D:5      | Found a faded altar of an unknown god.
  4646 | D:5      | Became a worshipper of Makhleb the Destroyer
  4848 | D:6      | Reached skill level 3 in Short Blades
  4848 | D:6      | Reached skill level 3 in Long Blades
  4848 | D:6      | Reached skill level 3 in Maces & Flails
  4848 | D:6      | Reached skill level 3 in Polearms
  4848 | D:6      | Reached skill level 3 in Staves
  4848 | D:6      | Reached skill level 3 in Slings
  4848 | D:6      | Reached skill level 3 in Bows
  4848 | D:6      | Reached skill level 3 in Crossbows
  4848 | D:6      | Reached skill level 3 in Throwing
  4848 | D:6      | Reached skill level 3 in Dodging
  4848 | D:6      | Reached skill level 3 in Stealth
  4848 | D:6      | Reached skill level 3 in Unarmed Combat
  4848 | D:6      | Reached skill level 3 in Spellcasting
  4848 | D:6      | Reached skill level 3 in Evocations
  5449 | D:6      | Noticed Edmund
  5454 | D:6      | Banished Edmund
  5551 | D:6      | Found a shattered altar of Ashenzari.
  6039 | D:7      | Found a burning altar of Makhleb.
  6113 | D:7      | Reached * piety under Makhleb
  6130 | D:7      | Reached skill level 3 in Conjurations
  6130 | D:7      | Reached skill level 3 in Hexes
  6130 | D:7      | Reached skill level 3 in Charms
  6130 | D:7      | Reached skill level 3 in Summonings
  6130 | D:7      | Reached skill level 3 in Necromancy
  6130 | D:7      | Reached skill level 3 in Translocations
  6130 | D:7      | Reached skill level 3 in Transmutations
  6130 | D:7      | Reached skill level 3 in Fire Magic
  6130 | D:7      | Reached skill level 3 in Ice Magic
  6130 | D:7      | Reached skill level 3 in Air Magic
  6130 | D:7      | Reached skill level 3 in Earth Magic
  6130 | D:7      | Reached skill level 3 in Poison Magic
  6130 | D:7      | Reached skill level 4 in Invocations
  6175 | D:7      | Reached skill level 6 in Axes
  6175 | D:7      | Reached XP level 9. HP: 71/72 MP: 14/14
  6578 | D:7      | Reached skill level 4 in Short Blades
  6578 | D:7      | Reached skill level 4 in Long Blades
  6578 | D:7      | Reached skill level 4 in Maces & Flails
  6578 | D:7      | Reached skill level 4 in Polearms
  6578 | D:7      | Reached skill level 4 in Staves
  6578 | D:7      | Reached skill level 4 in Slings
  6578 | D:7      | Reached skill level 4 in Bows
  6578 | D:7      | Reached skill level 4 in Crossbows
  6578 | D:7      | Reached skill level 4 in Throwing
  6578 | D:7      | Reached skill level 4 in Dodging
  6578 | D:7      | Reached skill level 4 in Stealth
  6578 | D:7      | Reached skill level 4 in Unarmed Combat
  6578 | D:7      | Reached skill level 4 in Spellcasting
  6578 | D:7      | Reached skill level 4 in Evocations
  6692 | D:7      | Noticed Joseph
  6699 | D:7      | Killed Joseph
  6990 | D:7      | Found a blossoming altar of Fedhas.
  7056 | D:7      | Found an opulent altar of Gozag.
  7157 | D:7      | Reached skill level 8 in Fighting
  7157 | D:7      | Reached skill level 8 in Armour
  7157 | D:7      | Reached skill level 8 in Shields
  7165 | D:7      | HP: 7/74 [killer bee (3)]
  7167 | D:7      | HP: 3/74 [killer bee (6)]
  7167 | D:7      | Slain by a killer bee

Vanquished Creatures
  Joseph (D:7)
  An orc warrior (D:7)
  An ice beast (D:7)
  2 sky beasts (D:7)
  3 ogres (D:7)
  A centaur (D:5)
  2 bullfrogs
  3 scorpions (D:4)
  3 killer bees (D:7)
  2 howler monkeys (D:4)
  2 crimson imps
  4 bullfrog zombies
  3 orc priests (D:7)
  A jelly (D:5)
  2 hounds (D:4)
  An iguana (D:5)
  2 centaur skeletons
  3 orc wizards
  6 worker ants
  A hound skeleton (D:5)
  3 gnolls (D:2)
  A river rat (D:4)
  14 adders
  5 shadow imps
  3 oozes (D:2)
  An adder skeleton (D:4)
  7 worms
  3 dart slugs
  6 leopard geckos
  15 orcs
  9 bats
  4 giant cockroaches
  9 goblins
  3 hobgoblins
  11 jackals
  4 quokkas
  5 ball pythons
  3 frilled lizards
  7 kobolds (D:1)
  A leopard gecko skeleton (D:7)
  9 rats
167 creatures vanquished.

Vanquished Creatures (others)
  An ice beast (D:5)
  An orc warrior (D:7)
  An orc (D:7)
3 creatures vanquished.

Grand Total: 170 creatures vanquished
